 Dungeon Crawl Stone Soup version 0.28.0-53-g5a82cb258f (webtiles) character file.

Game seed: 8128476484312446223

266 DocClef the Cudgeller (level 6, -3/50 HPs)
             Began as a Naga Fighter on July 6, 2022.
             Slain by a gnoll
             ... wielding a +0 halberd
              (4 damage)
             ... on level 4 of the Dungeon.
             The game lasted 00:03:28 (3273 turns).

DocClef the Cudgeller (Naga Fighter)                Turns: 3273, Time: 00:03:28

Health: -3/50      AC:  5    Str: 21    XL:     6   Next: 20%
Magic:  6/6        EV:  7    Int:  8    God:
Gold:   212        SH:  4    Dex: 10    Spells: 5/5 levels left

rFire   . . .      SeeInvis +   a - +0 flail
rCold   . . .      Faith    .   c - +0 buckler
rNeg    . . .      Spirit   .   b - +0 scale mail
rPois   +          Reflect  .   (no helmet)
rElec   .          Harm     .   (no cloak)
rCorr   .          Rampage  .   (no gloves)
Will    .....                   (no barding)
Stlth   ..........              (no amulet)
HPRegen 0.16/turn               (no ring)
MPRegen 0.10/turn               (no ring)

@: mighty, flying, very slow
A: AC +2, large, see invisible, deformed body, poison resistance, slowness 2,
spit poison 1, naga tail 1, frail 1, wild magic 1
a: Spit Poison


You were on level 4 of the Dungeon.
You visited 1 branch of the dungeon, and saw 4 of its levels.

You collected 212 gold pieces.

Inventory:

Hand Weapons
 a - a +0 flail (weapon)
Armour
 b - a +0 scale mail (worn)
 c - a +0 buckler (worn)
Jewellery
 j - a +6 ring of intelligence
 k - a ring of protection from cold
Scrolls
 e - 5 scrolls of teleportation
 h - 2 scrolls of magic mapping {unknown}
 i - a scroll of immolation {unknown}
 m - a scroll of vulnerability {unknown}
Potions
 g - 2 potions of mutation


   Skills:
 - Level 3.0 Fighting
 + Level 6.3 Maces & Flails
 - Level 2.4 Armour
 - Level 2.4 Shields


You had 5 spell levels left.
You didn't know any spells.
Your spell library contained the following spells:

 Spells                   Type           Power      Damage    Failure   Level
 Inner Flame              Hex/Fire       0%         N/A       99%         3
 Cause Fear               Hex            0%         N/A       100%        4
 Discord                  Hex            0%         N/A       100%        8


Dungeon Overview and Level Annotations

Branches:
Dungeon (4/15)
 Temple: D:4-7

Altars:
Gozag


Innate Abilities, Weirdness & Mutations

Your serpentine skin is tough. (AC +2)
You have supernaturally acute eyesight. (SInv)
Armour fits poorly on your strangely shaped body.
Your system is resistant to poisons. (rPois)
You cover ground very slowly.
You can spit poison.
You have a snake-like lower body.
You are frail. (-10% HP)
Your spells are a little harder to cast, but a little more powerful.


Message History

You feel very buoyant.
You fly up into the air.
The gnoll hits you with a +0 flail.
* * * LOW HITPOINT WARNING * * *
Aiming: Spit Poison (1% risk of failure)
Press: ? - help, Shift-Dir - straight line, f - gnoll
Aim: a gnoll, wielding a +0 flail (almost dead, 65% to hit)
The splash of poison misses the gnoll.
The splash of poison hits the scorpion!
The scorpion is heavily wounded.
The gnoll closely misses you.
Okay, then.
Unknown command.
You feel very mighty all of a sudden. The gnoll completely misses you.
You sock the gnoll!
You kill the gnoll!
You block the scorpion's attack.
You closely miss the scorpion.
The scorpion is heavily wounded.
The scorpion barely misses you. You block the gnoll's attack.
You hit the scorpion.
The scorpion is severely wounded.
The scorpion stings you!
* * * LOW HITPOINT WARNING * * *
The gnoll hits you but does no damage.
You hit the scorpion.
The scorpion is almost dead.
The scorpion stings you.
* * * LOW HITPOINT WARNING * * *
The gnoll closely misses you. The scorpion barely misses you.
Unknown command.
You barely miss the scorpion.
The scorpion is almost dead.
You have got your breath back.
The gnoll closely misses you. The scorpion stings you.
* * * LOW HITPOINT WARNING * * *
Unknown command.
You barely miss the scorpion.
The scorpion is almost dead.
The gnoll hits you from afar with a +0 halberd.
You die...

.... #... #..## ...
#.# #Z# #g# #.....
#s# #.... #@# #....
##.### .... #..#..
..# #.##.# #.#
#.##.#####.###
#.##.##......#
#.##.##.##.#.#####.
#.##.##.##.#.......
#..........########


You could see a scorpion, a gnoll and a centaur skeleton.

Vanquished Creatures
  A sky beast (D:3)
  An orc priest (D:3)
  An orc wizard (D:3)
  3 gnolls (D:4)
  2 adders (D:3)
  A worm (D:3)
  A dart slug (D:2)
  3 orcs (D:3)
  7 bats
  5 endoplasms
  7 giant cockroaches
  3 hobgoblins
  5 jackals (D:1)
  6 kobolds
  2 quokkas (D:1)
  3 ball pythons
  7 frilled lizards
  4 goblins
  8 rats
70 creatures vanquished.

Notes
Turn   | Place    | Note
-------+----------+-------------------------------------------
     0 | D:1      | DocClef the Naga Fighter began the quest for the Orb.
     0 | D:1      | Reached XP level 1. HP: 21/21 MP: 1/1
   342 | D:1      | Reached XP level 2. HP: 24/28 MP: 2/2
   566 | D:1      | Reached skill level 3 in Maces & Flails
   965 | D:1      | Reached XP level 3. HP: 34/34 MP: 3/3
  1703 | D:2      | Reached skill level 4 in Maces & Flails
  1977 | D:2      | Found a faded altar of an unknown god.
  2036 | D:3      | Reached XP level 4. HP: 42/42 MP: 4/4
  2057 | D:3      | Found an opulent altar of Gozag.
  2187 | D:3      | Noticed a sky beast
  2200 | D:3      | Killed a sky beast
  2201 | D:3      | Reached skill level 5 in Maces & Flails
  2201 | D:3      | Reached XP level 5. HP: 25/49 MP: 5/5
  2610 | D:3      | Reached skill level 6 in Maces & Flails
  2610 | D:3      | Reached XP level 6. HP: 21/56 MP: 6/6
  3264 | D:4      | Gained mutation: Your spells are a little harder to cast,
                  | but a little more powerful. [potion of mutation]
  3264 | D:4      | Gained mutation: You are frail. (-10% HP) [potion of
                  | mutation]
  3271 | D:4      | HP: 2/50 [scorpion (5)]
  3273 | D:4      | Slain by a gnoll

Illustrated notes

Levels and vault maps discovered:
D:1:      ncdulo_watergridlock, layout_loops_corners,
          chequers_serial_rivers_large_b, minmay_cupped
D:2:      layout_basic, shapermc_ecumenical_altar_pompeii
D:3:      layout_loops_ring, nicolae_gozag_seed_capital, mrwooster_statue_mirror
D:4:      layout_loops_cross, mainiacjoe_overflow_boulevard, serial_rivers,
          chequers_serial_rivers_micro_d, chequers_serial_rivers_room_b,
          chequers_serial_rivers_micro_d, chequers_serial_rivers_small_3,
          chequers_serial_rivers_marsh, enter_ossuary_5, minmay_ruined_shrine

Skill      XL: |  1  2  3  4  5 |
---------------+----------------+-----
Maces & Flails | 3 4 5 6 |  6.3
Fighting       | |  3.0
Armour         | |  2.4
Shields        | |  2.4

Action                   |  1- 3 |  4- 6 || total
-------------------------+-------+-------++-------
Melee: Flail             |   142 |    94 ||   236
 Abil: Spit Poison       |       |     7 ||     7
  Use: Potion            |       |     4 ||     4
       Scroll            |       |     1 ||     1
Armor: Scale mail        |    71 |    31 ||   102
Dodge: Dodged            |    50 |    27 ||    77
Block: Buckler           |    28 |    17 ||    45
